 Dungeon Crawl Stone Soup version 0.22.0 (webtiles) character file.

796 Gorglomux the Shield-Bearer (level 7, -1/66 HPs)
             Began as a Deep Dwarf Fighter on Aug 11, 2018.
             Slain by an ogre
             ... wielding a +0 giant club
              (10 damage)
             ... on level 5 of the Dungeon.
             The game lasted 00:01:40 (3169 turns).

Gorglomux the Shield-Bearer (Deep Dwarf Fighter)    Turns: 3169, Time: 00:01:41

Health: -1/66      AC:  9    Str: 21    XL:     7   Next: 58%
Magic:  6/6        EV:  7    Int:  9    God:
Gold:   193        SH: 10    Dex: 12    Spells: 6/6 levels left

rFire    + . .     SeeInvis .   a - +0 war axe
rCold    . . .     Gourm    .   c - +0 shield
rNeg     . . .     Faith    .   b - +0 scale mail
rPois    .         Spirit   .   q - +2 hat
rElec    .         Reflect  .   (no cloak)
rCorr    .         Harm     .   (no gloves)
MR       +....                  (no boots)
Stlth    ..........             (no amulet)
HPRegen  0.00/turn              f - ring of protection from fire
MPRegen  0.10/turn              (no ring)

@: non-regenerating
A: damage resistance, heal wounds, sense surroundings 1, no regeneration
a: Heal Wounds


You were on level 5 of the Dungeon.
You were not hungry.

You visited 1 branch of the dungeon, and saw 5 of its levels.

You collected 193 gold pieces.

Inventory:

Hand Weapons
 a - a +0 war axe (weapon)
Armour
 b - a +0 scale mail (worn)
 c - a +0 shield (worn)
 q - a +2 hat (worn)
Jewellery
 f - a ring of protection from fire (left hand)
Wands
 D - a wand of digging (12)
Scrolls
 i - a scroll of immolation {unknown}
 j - 3 scrolls of identify {unknown}
 k - 2 scrolls of teleportation {unknown}
 l - 4 scrolls of remove curse {unknown}
 o - a scroll of blinking {unknown}
 s - a scroll of random uselessness {unknown}
 u - a scroll of magic mapping {unknown}
 v - 2 scrolls of noise {unknown}
Potions
 d - 2 potions of might
 h - a potion of mutation {unknown}
 n - a potion of agility {unknown}
 p - a potion of magic {unknown}
 r - a potion of curing {unknown}
 w - a potion of heal wounds {unknown}
Comestibles
 m - 8 rations
 E - 7 chunks of flesh


   Skills:
 + Level 4.7 Fighting
 + Level 5.0 Axes
 + Level 5.7 Armour
 + Level 5.7 Shields


You had 6 spell levels left.
You didn't know any spells.
Your spell library was empty.

Dungeon Overview and Level Annotations

Branches:
Dungeon (5/15)
 Temple: D:4-7

Altars:
Dithmenos
Okawaru


Innate Abilities, Weirdness & Mutations

You are resistant to damage.
You can heal yourself by infusing magical energy.
You passively map a small area around you.
You do not regenerate.


Message History

You dice the ogre like an onion!
The ogre is heavily wounded!
The ogre barely misses you!
You dice the ogre like an onion!
The ogre is severely wounded!
The ogre barely misses you!
Your scale butt prevents you from hitting the ogre!
The ogre is severely butt!
The ogre hits you with a giant club!!!!!! * * * don't die
* * * You are too injured to fight recklessly!!!
Unknown command!
An ogre is nearby!!!
You are too injured to fight recklessly!!!
You are too injured to fight recklessly!!!
You are too injured to fight recklessly!!!
You are too injured to fight recklessly!!!
An butt is nearby!!!
You fail to use your ability!
The ogre hits you with a giant club!!! rip

#### #... #####... *
#..#..# , #..'..#.#
#..@...#, * ####
#####.#O.#.# #
##...## #.....##....
###...>.###.###.#
#....#
##.......##.#*...#
#####,*
........[...#..#..#
* *
*#............#*#.#
, #......####..#,..,
####....######...###


You could see an ogre.

Vanquished Creatures
  Sigmund (D:3)
  Edmund (D:4)
  A centaur (D:3)
  Blork the orc (D:4)
  2 howler monkeys (D:4)
  An orc wizard (D:4)
  Jessica (D:2)
  Natasha (thrice) (D:4)
  A worker ant (D:5)
  A hound skeleton (D:4)
  Robin (D:3)
  2 adders
  A howler monkey skeleton (D:4)
  2 oozes (D:1)
  3 worms
  3 dart slugs (D:1)
  4 leopard geckos
  6 orcs
  2 giant cockroaches
  10 goblins
  11 hobgoblins
  9 jackals
  3 quokkas
  2 ball pythons (D:1)
  3 bats
  6 frilled lizards
  3 kobolds
  7 rats
91 creatures vanquished.

Vanquished Creatures (others)
  A kobold (D:3)
1 creature vanquished.

Grand Total: 92 creatures vanquished

Notes
Turn   | Place    | Note
-------+----------+-------------------------------------------
     0 | D:1      | Gorglomux the Deep Dwarf Fighter began the quest for the Orb.
     0 | D:1      | Reached XP level 1. HP: 20/20 MP: 1/1
   182 | D:1      | Reached XP level 2. HP: 27/27 MP: 2/2
   455 | D:1      | Reached skill level 3 in Fighting
   573 | D:1      | Reached XP level 3. HP: 34/34 MP: 3/3
   883 | D:2      | Found a shadowy altar of Dithmenos.
  1274 | D:2      | Noticed Jessica
  1293 | D:2      | Killed Jessica
  1293 | D:2      | Reached skill level 3 in Axes
  1293 | D:2      | Reached XP level 4. HP: 25/42 MP: 4/4
  1576 | D:3      | Noticed a centaur
  1589 | D:3      | Killed a centaur
  1589 | D:3      | Reached XP level 5. HP: 41/49 MP: 4/4
  1608 | D:3      | Noticed Sigmund
  1651 | D:3      | Killed Sigmund
  1651 | D:3      | Reached XP level 6. HP: 40/57 MP: 5/5
  1731 | D:3      | Found a faded altar of an unknown god.
  1772 | D:3      | Noticed Robin
  1807 | D:3      | Killed Robin
  2015 | D:3      | Found an iron altar of Okawaru.
  2227 | D:4      | Noticed Natasha
  2237 | D:4      | Killed Natasha
  2462 | D:4      | Noticed Edmund
  2466 | D:4      | Reached XP level 7. HP: 53/64 MP: 6/6
  2478 | D:4      | Noticed Natasha
  2485 | D:4      | Killed Edmund
  2489 | D:4      | Killed Natasha
  2534 | D:4      | Noticed Natasha
  2538 | D:4      | Killed Natasha
  2775 | D:4      | Noticed Blork the orc
  2788 | D:4      | Killed Blork the orc
  3101 | D:5      | Entered Level 5 of the Dungeon
  3169 | D:5      | Slain by an ogre

Skill      XL: |  1  2  3  4  5  6  7 |
---------------+----------------------+-----
Fighting       | 3 4 |  4.7
Axes           | 3 4 5 |  5.0
Armour         | 4 5 |  5.7
Shields        | 4 5 |  5.7

Action                   |  1- 3 |  4- 6 |  7- 9 || total
-------------------------+-------+-------+-------++-------
Melee: War axe           |   103 |   156 |    52 ||   311
 Abil: Heal Wounds       |     1 |     4 |     1 ||     6
  Eat: Chunk             |     1 |     5 |     2 ||     8
Armor: Scale mail        |    40 |    62 |     9 ||   111
Dodge: Dodged            |    27 |    45 |     6 ||    78
Block: Shield            |    56 |    82 |    27 ||   165
